AoeStats
← Ken

Arena

508854753Analyzed
4v4 RM · 7d ago on Sep 24, 2026· 52m 51s· 8 players
Game mode
Random Map
Map size
Large (8 player)
Population
200
Speed
Normal
Resources
Standard
Victory
Conquest
Starting age
Dark Age
Ending age
Imperial Age
RankedLock teamsTeams togetherTeam positionsShared explorationLock speedFull tech treeHidden civsTurbo modeCheats
Victory
Defeat
🇿🇦 Persians · South Africa
1188
+15
🇩🇪 Magyars · Germany
1180
+15
🇦🇩 Franks · Andorra
1161
+16
🇫🇷 Byzantines · France
1160
+15
🇺🇸 Saxons · United States
1184
-16
🇨🇳 Turks · China
1178
-16
🇨🇱 Byzantines · Chile
1143
-15
🇨🇳 Franks · China
1126
-14
KissMyAxe
9:37 Feudal Age
14:20 Castle Age
14:19 Double-Bit Axe
16:17 Horse Collar
20:51 Wheelbarrow
21:51 Bow Saw
21:40 Loom
23:36 Hand Cart
25:51 Gold Mining
26:51 Heavy Plow
27:31 Gold Shaft Mining
29:31 Imperial Age
27:09 Scale Barding Armor
27:15 Forging
27:52 Husbandry
29:07 Fletching
29:19 Padded Archer Armor
29:32 Elite Skirmisher
30:10 Man-at-Arms
30:36 Gambesons
30:52 Squires
30:37 Arson
31:13 Long Swordsman
32:30 Iron Casting
31:56 Scale Mail Armor
31:57 Two-Handed Swordsman
33:19 Champion
34:33 Chain Mail Armor
35:32 Conscription
40:12 Thumb Ring
40:32 Capped Ram
41:29 Pikeman
42:46 Bodkin Arrow
43:22 Plate Mail Armor
43:25 Ballistics
44:06 Chemistry
44:39 Bracer
44:55 Leather Archer Armor
47:17 Siege Ram
51:28 Two-Man Saw
51:28 Halberdier
Chloroxid
10:07 Feudal Age
9:55 Loom
14:31 Castle Age
12:30 Double-Bit Axe
12:59 Horse Collar
18:32 Bow Saw
20:55 Fervor
24:51 Wheelbarrow
29:19 Imperial Age
26:41 Stone Mining
26:42 Gold Mining
26:43 Fletching
26:53 Padded Archer Armor
27:37 Bloodlines
27:39 Bodkin Arrow
28:17 Hand Cart
28:34 Leather Archer Armor
29:59 Ballistics
29:42 Husbandry
29:32 Heavy Cavalry Archer
30:18 Bracer
31:23 Chemistry
31:01 Parthian Tactics
30:38 Town Watch
31:52 Block Printing
32:00 Sanctity
31:49 Thumb Ring
32:32 Ring Archer Armor
31:41 Light Cavalry
33:11 Scale Barding Armor
33:00 Treadmill Crane
33:31 Masonry
34:14 Corvinian Army
34:55 Chain Barding Armor
35:03 Recurve Bow
35:26 Conscription
36:13 Plate Barding Armor
35:51 Elite Magyar Huszar
43:36 Hoardings
49:43 Caravan
Ruviel
10:11 Feudal Age
13:39 Castle Age
11:39 Double-Bit Axe
12:06 Horse Collar
17:03 Loom
22:26 Bow Saw
23:08 Wheelbarrow
23:58 Gold Mining
26:12 Scale Barding Armor
27:19 Hand Cart
26:54 Town Watch
27:59 Town Patrol
28:17 Bloodlines
28:08 Husbandry
31:31 Imperial Age
29:46 Chain Barding Armor
30:56 Forging
32:07 Gold Shaft Mining
31:14 Cavalier
33:36 Plate Barding Armor
33:48 Iron Casting
32:35 Savar
33:12 Light Cavalry
34:28 Hussar
37:00 Blast Furnace
36:39 Ballistics
37:19 Chemistry
36:13 Fletching
38:03 Capped Ram
39:42 Siege Ram
45:27 Two-Man Saw
45:29 Caravan
48:22 Scale Mail Armor
47:45 Pikeman
48:28 Squires
49:06 Halberdier
50:56 Chain Mail Armor
52:42 Conscription
52:57 Citadels
54:00 Plate Mail Armor
_Samurai_
11:18 Feudal Age
12:30 Double-Bit Axe
15:12 Castle Age
27:34 Imperial Age
25:31 Scale Barding Armor
27:09 Wheelbarrow
26:21 Town Watch
26:21 Loom
27:05 Forging
27:26 Gold Mining
27:58 Chain Barding Armor
28:42 Iron Casting
29:03 Hand Cart
29:32 Bow Saw
29:09 Cavalier
29:50 Husbandry
30:02 Stone Mining
30:48 Gold Shaft Mining
30:47 Paladin
35:21 Chivalry
35:42 Conscription
37:25 Chemistry
36:46 Ballistics
37:04 Plate Barding Armor
37:30 Blast Furnace
Murdock
10:21 Feudal Age
14:07 Castle Age
12:07 Double-Bit Axe
12:22 Horse Collar
14:03 Gold Mining
17:32 Stone Mining
18:20 Wheelbarrow
27:51 Hand Cart
27:39 Heavy Plow
28:01 Bow Saw
31:19 Imperial Age
29:51 Gold Shaft Mining
29:06 Town Watch
29:07 Loom
29:48 Scale Mail Armor
29:58 Forging
29:55 Squires
29:40 Arson
29:41 Gambesons
29:21 Pikeman
31:06 Chain Mail Armor
30:42 Fletching
32:09 Iron Casting
32:56 Plate Mail Armor
31:48 Halberdier
32:56 Conscription
34:04 Two-Man Saw
33:11 Shield Wall
33:45 Capped Ram
34:32 Bodkin Arrow
34:48 Town Patrol
35:14 Siege Ram
36:03 Bracer
36:01 Elite Varangian Guard
44:04 Elite Hearth Troop
50:00 Hoardings
49:57 Ballistics
50:37 Chemistry
49:43 Siege Engineers
49:49 Masonry
49:34 Murder Holes
49:50 Fortified Wall
[CL] Chinchilla ®
10:53 Feudal Age
14:54 Castle Age
13:39 Double-Bit Axe
13:37 Horse Collar
15:59 Bow Saw
18:22 Heavy Plow
18:39 Loom
22:44 Wheelbarrow
26:55 Imperial Age
25:26 Hand Cart
26:20 Pikeman
26:32 Pikeman
27:14 Squires
27:02 Gambesons
27:20 Scale Mail Armor
27:30 Forging
28:48 Chemistry
27:25 Elite Varangian Guard
29:34 Two-Man Saw
30:42 Gold Mining
31:30 Chain Mail Armor
31:53 Iron Casting
31:54 Conscription
31:57 Halberdier
33:09 Plate Mail Armor
38:04 Fletching
40:04 Hoardings
39:46 Bodkin Arrow
40:36 Ballistics
Ken
11:25 Feudal Age
15:22 Castle Age
14:46 Double-Bit Axe
16:50 Bow Saw
17:28 Loom
22:12 Wheelbarrow
28:03 Gold Mining
33:53 Imperial Age
31:54 Husbandry
32:01 Scale Barding Armor
32:06 Forging
32:38 Forging
32:13 Treadmill Crane
32:38 Murder Holes
33:55 Chain Barding Armor
34:10 Iron Casting
34:23 Fletching
35:13 Plate Barding Armor
34:02 Cavalier
36:29 Gold Shaft Mining
37:37 Blast Furnace
36:43 Paladin
38:30 Conscription
37:33 Ordonnance Companies
38:05 Fletching
38:15 Padded Archer Armor
38:16 Scale Mail Armor
41:00 Chemistry
40:20 Ballistics
40:27 Bodkin Arrow
40:47 Leather Archer Armor
41:34 Elite Skirmisher
42:59 Chain Mail Armor
42:59 Leather Archer Armor
45:24 Plate Mail Armor
45:09 Leather Archer Armor
48:13 Light Cavalry
49:40 Leather Archer Armor
50:53 Squires
50:39 Arson
50:14 Pikeman
50:57 Gambesons
Ю菜刀 —
11:03 Feudal Age
11:51 Double-Bit Axe
15:47 Castle Age
13:46 Horse Collar
15:42 Wheelbarrow
14:53 Loom
16:49 Bow Saw
17:08 Heavy Plow
24:26 Stone Mining
24:28 Gold Mining
27:21 Hand Cart
28:53 Gold Shaft Mining
28:09 Stone Mining
32:15 Imperial Age
30:00 Treadmill Crane
30:41 Ballistics
30:16 Fletching
30:27 Padded Archer Armor
32:50 Husbandry
33:00 Bloodlines
33:17 Bombard Tower
34:00 Two-Man Saw
33:38 Leather Archer Armor
33:38 Bodkin Arrow
33:48 Scale Barding Armor
34:15 Conscription
34:17 Heavy Camel Rider
36:14 Ring Archer Armor
35:44 Bracer
35:55 Forging
36:06 Chain Barding Armor
35:46 Scale Mail Armor
38:51 Artillery
39:11 Sipahi
41:13 Fortified Wall
46:13 Plate Barding Armor
46:14 Iron Casting
Connection lost

Rejoining the realm…

Still unreachable

The connection could not be restored.

Session expired

The server has moved on; the page needs a fresh start.